AoeStats
← mattelatte

Arabia

504081383Analyzed
2v2 RM · 27d ago on Sep 3, 2026· 47m 36s· 4 players
Game mode
Random Map
Map size
Medium (4 player)
Population
200
Speed
Normal
Resources
Standard
Victory
Conquest
Starting age
Dark Age
Ending age
Imperial Age
RankedLock teamsTeams togetherTeam positionsShared explorationLock speedFull tech treeHidden civsTurbo modeCheats
Victory
Defeat
🇸🇪 Celts · Sweden
850
+28
🇸🇪 Magyars · Sweden
794
+26
802
-15
🇩🇪 Spanish · Germany
801
-15
Snoop Doggy Dogg 熊猫
9:26 Double-Bit Axe
11:54 Feudal Age
10:11 Loom
12:13 Horse Collar
17:35 Wheelbarrow
22:51 Heavy Plow
25:06 Castle Age
25:45 Cavalier
26:39 Forging
26:34 Scale Barding Armor
26:57 Husbandry
28:35 Iron Casting
29:17 Town Watch
37:31 Imperial Age
36:43 Chain Barding Armor
37:12 Hand Cart
37:00 Town Patrol
39:02 Gold Mining
39:03 Stone Mining
39:16 Paladin
42:25 Elite Skirmisher
45:01 Bow Saw
freez
8:51 Loom
11:33 Feudal Age
13:18 Double-Bit Axe
15:53 Bloodlines
20:43 Castle Age
21:51 Scale Barding Armor
22:48 Bow Saw
24:14 Chain Barding Armor
28:47 Husbandry
29:01 Forging
33:14 Elite Skirmisher
38:45 Imperial Age
36:51 Wheelbarrow
39:03 Fletching
39:13 Padded Archer Armor
41:03 Two-Man Saw
40:02 Cavalier
mattelatte
10:13 Feudal Age
17:50 Loom
21:17 Double-Bit Axe
25:33 Castle Age
29:38 Bow Saw
29:11 Horse Collar
29:35 Husbandry
30:17 Heavy Plow
32:12 Pikeman
36:56 Corvinian Army
39:59 Imperial Age
38:31 Scale Barding Armor
39:21 Town Watch
40:53 Wheelbarrow
41:35 Crop Rotation
42:18 Chain Barding Armor
44:29 Gold Mining
45:15 Conscription
44:16 Elite Magyar Huszar
47:09 Hoardings
47:19 Hand Cart
Iggy le Pop
10:06 Feudal Age
10:27 Horse Collar
10:36 Double-Bit Axe
20:03 Castle Age
20:20 Stone Mining
21:43 Heavy Plow
21:55 Bow Saw
22:30 Wheelbarrow
23:34 Gold Mining
25:53 Scale Mail Armor
26:03 Forging
27:47 Hand Cart
27:51 Scale Barding Armor
29:07 Gold Shaft Mining
29:10 Stone Shaft Mining
30:18 Iron Casting
31:49 Chain Mail Armor
37:48 Imperial Age
35:09 Loom
37:58 Elite Woad Raider
39:26 Plate Mail Armor
39:57 Blast Furnace
45:37 Conscription
45:52 Caravan
Connection lost

Rejoining the realm…

Still unreachable

The connection could not be restored.

Session expired

The server has moved on; the page needs a fresh start.